 Dungeon Crawl Stone Soup version 0.19-a0-892-g8a19e52 (webtiles) character file.

44 Stormphoenix the Magician (level 3, -2/19 HPs)
             Began as a Deep Elf Wizard on July 4, 2016.
             Slain by a gnoll
             ... wielding a +0 flail
              (10 damage)
             ... on level 1 of the Dungeon.
             The game lasted 00:05:57 (1559 turns).

Stormphoenix the Magician (Deep Elf Wizard)         Turns: 1559, Time: 00:05:58

Health: -2/19      AC:  6    Str:  5    XL:     3   Next: 41%
Magic:  10/11      EV: 13    Int: 22    God:
Gold:   27         SH:  0    Dex: 13    Spells: 1 memorised, 11 levels left

rFire  . . .     SeeInvis .     n - +0 spear (curse)
rCold  . . .     Gourm    .     a - +0 robe
rNeg   . . .     Faith    .     (no shield)
rPois  +         Spirit   .     b - +1 hat
rElec  .         Dismiss  +     h - +2 cloak
rCorr  .         Reflect  .     (no gloves)
SustAt .         Harm     .     (no boots)
MR     .....                    l - amulet of dismissal
Stlth  ++........               (no ring)
                                i - ring of poison resistance

@: not resistant to hostile enchantments, unstealthy
A: no striking features
a: no special abilities


You were on level 1 of the Dungeon.
You were not hungry.

You visited 1 branch of the dungeon, and saw 2 of its levels.

You collected 27 gold pieces.

Inventory:

Hand Weapons
 e - a +0 whip
 n - a cursed +0 spear (weapon)
Armour
 a - a +0 robe (worn)
 b - a +1 hat (worn)
 h - a +2 cloak (worn)
Jewellery
 i - a ring of poison resistance (left hand)
 l - an amulet of dismissal (around neck)
Wands
 g - a wand of digging (12/24)
Scrolls
 j - a scroll of identify
Books
 c - a book of Minor Magic

   Spells                             Type                      Level
   a - Magic Dart                     Conjuration                  1
   b - Blink                          Translocation                2
   c - Call Imp                       Summoning                    2
   d - Repel Missiles                 Charms/Air                   2
   e - Slow                           Hexes                        2
   f - Conjure Flame                  Conjuration/Fire             3
   g - Mephitic Cloud                 Conjuration/Poison/Air       3
Comestibles
 d - 3 bread rations
 f - a meat ration
 m - a fruit
 o - a chunk of flesh


   Skills:
 - Level 2.4 Dodging
 - Level 2.4 Stealth
 - Level 5.0 Spellcasting
 + Level 3.2 Conjurations
   Level 1.1 Summonings
   Level 1.1 Translocations


You had 11 spell levels left.
You knew the following spells:

 Your Spells              Type           Power        Failure   Level  Hunger
a - Magic Dart            Conj           ###.         3%          1    None


Dungeon Overview and Level Annotations

Branches:
Dungeon (2/15)

Altars:


Message History

You miscast Magic Dart.
You are very lightly contaminated with residual magic.
Nothing appears to happen.
The gnoll hits you with a flail!
* * * LOW HITPOINT WARNING * * *
The gnoll barely misses you.
You see here a robe.
The kobold shouts!
The kobold throws a stone.
The stone hits you.
* * * LOW HITPOINT WARNING * * *
An adder comes into view.
You see here a stone.
The adder moves out of view.
There is a stone staircase leading up here.
The gnoll closely misses you.
You climb upwards.
Your magical contamination has completely faded away.
There is a stone staircase leading down here.
It was a potion of curing.
You feel better. The gnoll hits you with a flail!
Ouch! That really hurt!
You die...

#......#.# ##...
#......#.# ##....
##.##.....###.....
#...........'.....
#.###.....###>....
#.# #.#.#.# ##>...
#.# #.###.# ##...
#g# #.....# ##..
#@# ####..# ##'
#.######..#######.
#.................
########.#.######.
#.#.##.....
#.#.#......
#..........
###........
####.###.


You could see a gnoll.

Vanquished Creatures
  A gnoll (D:2)
  2 dart slugs
  3 giant geckos
  3 giant cockroaches
  4 goblins (D:1)
  4 hobgoblins (D:1)
  A quokka (D:2)
  4 bats (D:1)
  2 kobolds (D:1)
  2 rats
26 creatures vanquished.

Notes
Turn   | Place    | Note
-------+----------+-------------------------------------------
     0 | D:1      | Stormphoenix the Deep Elf Wizard began the quest for the Orb.
     0 | D:1      | Reached XP level 1. HP: 10/10 MP: 7/7
   321 | D:1      | Reached skill level 5 in Spellcasting
   458 | D:1      | Reached XP level 2. HP: 15/15 MP: 7/10
   967 | D:1      | You fall through a shaft!
  1027 | D:2      | Reached XP level 3. HP: 19/19 MP: 8/11
  1559 | D:1      | Slain by a gnoll

Vault maps used:
D:1:      dpeg_arrival_morbid_curiosity
D:2:      first_bread

Skill      XL: |  1  2  3 |
---------------+----------+-----
Spellcasting   | 5 |  5.0
Conjurations   | 2 3 |  3.2
Dodging        | |  2.4
Stealth        | |  2.4
Summonings     | |  1.1
Translocations | |  1.1

Action                   || total
-------------------------++-------
Melee: Whip              ||    18
       Spear             ||    13
 Cast: Magic Dart        ||    52
  Use: Scroll            ||     4
       Potion            ||     1
 Stab: Sleeping          ||     1
  Eat: Chunk             ||     2
Armor: Robe              ||    29
Dodge: Dodged            ||    66
